 Dungeon Crawl Stone Soup version 0.17.1-3-g152610e (webtiles) character file.

143 Gargoyl the Skirmisher (level 5, -5/63 HPs)
             Began as a Demonspawn Abyssal Knight on Mar 9, 2016.
             Was a Believer of Lugonu.
             Slain by MixedWithMadness's ghost (7 damage)
             ... on level 3 of the Dungeon.
             The game lasted 00:04:53 (2758 turns).

Gargoyl the Skirmisher (Demonspawn Abyssal Knight)  Turns: 2758, Time: 00:04:53

Health: -5/63      AC: 22    Str: 13    XL:     5   Next: 4%
Magic:  6/7        EV:  2    Int: 19    God:    Lugonu [**....]
Gold:   243        SH:  0    Dex: 12    Spells: 0 memorised, 4 levels left

rFire  . . .     SeeInvis .     a - +1 hand axe
rCold  . . .     Clarity  .     (armour currently unavailable)
rNeg   + + +     SustAt   .     (no shield)
rPois  +         Gourm    .     (helmet currently unavailable)
rElec  .         Spirit   .     (cloak currently unavailable)
rCorr  .         Warding  .     (gloves currently unavailable)
rMut   .         NoTele   +     (boots currently unavailable)
MR     .....                    (no amulet)
Stlth  ++........               (no ring)
                                (no ring)

@: brilliant, tree-form (expiring), not resistant to hostile enchantments,
unstealthy
A: (antennae 0), nightstalker 1, (spiny 0)
a: Depart the Abyss, Bend Space, Renounce Religion


You were on level 3 of the Dungeon.
You worshipped Lugonu.
Lugonu was pleased with you.
You were not hungry.
You were a tree.
You visited 1 branch of the dungeon, and saw 3 of its levels.
You visited the Abyss 1 time.

You collected 243 gold pieces.

Inventory:

Hand Weapons
 a - a +1 hand axe (weapon)
Armour
 t - a +0 chain mail (melded)
Scrolls
 f - 7 scrolls of identify {unknown}
 g - 4 scrolls of magic mapping {unknown}
 h - 3 scrolls of teleportation {unknown}
 i - 3 scrolls of remove curse {unknown}
 j - 2 scrolls of amnesia
 o - a scroll of enchant armour {unknown}
 p - a scroll of random uselessness {unknown}
 u - a scroll of fear {unknown}
Potions
 k - 2 potions of flight
 s - a potion of lignification
Books
 r - a book of Frost

   Spells                             Type                      Level
   a - Freeze                         Ice                          1
   b - Throw Frost                    Conjuration/Ice              2
   c - Ozocubu's Armour               Charms/Ice                   3
   d - Throw Icicle                   Conjuration/Ice              4
   e - Summon Ice Beast               Ice/Summoning                4
   f - Condensation Shield            Ice                          4
Comestibles
 c - a bread ration
 l - a slice of pizza
 m - 2 chunks of flesh
 n - a meat ration


   Skills:
 + Level 3.8 Fighting
 + Level 2.3 Axes
 + Level 2.9 Armour
 + Level 1.6 Dodging
 + Level 0.4 Stealth
 + Level 3.5 Invocations


You had 4 spell levels left.
You didn't know any spells.

Dungeon Overview and Level Annotations

Branches:
Dungeon (3/15)

Altars:
Elyvilon
Makhleb
Sif Muna
Yredelemnul

Annotations:
D:3 MixedWithMadness's ghost, amateur HuFi


Innate Abilities, Weirdness & Mutations

((You have a pair of small antennae on your head.))
You are slightly more attuned to the shadows.
((You are partially covered in sharp spines.))


Message History

You kill the orc priest!
Lugonu accepts your kill.
You have reached level 5!
Your demonic ancestry asserts itself...
You slip into the darkness of the dungeon.
You closely miss MixedWithMadness's ghost.
MixedWithMadness's ghost is lightly damaged.
Your transformation is almost over.
MixedWithMadness's ghost hits you.
* * * LOW HITPOINT WARNING * * *
You slash MixedWithMadness's ghost!
MixedWithMadness's ghost is lightly damaged.
MixedWithMadness's ghost hits you but does no damage.
You barely miss MixedWithMadness's ghost.
MixedWithMadness's ghost is lightly damaged.
MixedWithMadness's ghost hits you but does no damage.
You slash MixedWithMadness's ghost!
MixedWithMadness's ghost is moderately damaged.
MixedWithMadness's ghost hits you!
You die...

##..#.#.# # #. ..#[# # #
.#.#.# # ### ##.#.#.####
%.# ...........# #.#
#####.####.# #.#
#######.####.#
#.##.##.###.))....##)..#
#......♣W..†#####.##.#.#
############# #.##....
#....... #.......
#.##.##. #.##.##.
#....##. #..####.
#..####.


You could see MixedWithMadness's ghost.

Vanquished Creatures
  An orc priest (D:3)
  5 adders
  A shadow imp (D:3)
  2 worms (D:2)
  4 giant geckos
  3 orcs (D:3)
  3 ball pythons
  3 bats
  2 giant cockroaches
  2 hobgoblins (D:1)
  2 quokkas
  11 giant newts
  8 goblins
  6 kobolds
  6 rats
59 creatures vanquished.

Notes
Turn   | Place    | Note
--------------------------------------------------------------
     0 | Abyss:1  | Gargoyl the Demonspawn Abyssal Knight began the quest for the Orb.
     0 | Abyss:1  | Reached XP level 1. HP: 18/18 MP: 2/2
    94 | Abyss:1  | Found a corrupted altar of Lugonu.
   165 | Abyss:1  | Noticed a hellwing
   211 | Abyss:2  | Noticed a sixfirhy
   261 | Abyss:3  | Noticed a thrashing horror
   263 | Abyss:3  | Noticed a starcursed mass
   263 | D:1      | Escaped the Abyss
   466 | D:1      | Reached skill level 1 in Dodging
   497 | D:1      | Reached * piety under Lugonu
   636 | D:1      | Gained mutation: You are partially covered in sharp spines. [demonic ancestry]
   636 | D:1      | Reached XP level 2. HP: 24/24 MP: 3/3
  1306 | D:2      | Reached XP level 3. HP: 29/29 MP: 4/4
  1744 | D:2      | Found a deep blue altar of Sif Muna.
  1744 | D:2      | Found a burning altar of Makhleb.
  1762 | D:2      | Reached ** piety under Lugonu
  1870 | D:2      | Gained mutation: You have a pair of small antennae on your head. [demonic ancestry]
  1870 | D:2      | Reached XP level 4. HP: 30/37 MP: 6/6
  2031 | D:2      | Found a basalt altar of Yredelemnul.
  2160 | D:2      | Found a white marble altar of Elyvilon.
  2259 | D:3      | Noticed MixedWithMadness's ghost (amateur HuFi)
  2750 | D:3      | HP: 2/55 [MixedWithMadness's ghost (8)]
  2754 | D:3      | Gained mutation: You are slightly more attuned to the shadows. [demonic ancestry]
  2754 | D:3      | Reached XP level 5. HP: 1/42 MP: 5/7
  2755 | D:3      | HP: 1/63 [MixedWithMadness's ghost (1)]
  2758 | D:3      | Slain by MixedWithMadness's ghost

Action                   |  1- 3 |  4- 6 || total
-------------------------+-------+-------++-------
Melee: Hand axe          |    55 |    39 ||    94
Invok: Depart the Abyss  |     1 |       ||     1
       Bend Space        |       |     2 ||     2
  Use: Potion            |       |     6 ||     6
       Scroll            |       |     2 ||     2
  Eat: Chunk             |     2 |     4 ||     6
